 Dungeon Crawl Stone Soup version 0.31.0-9-g3a7656b989 (webtiles) character file.

Game seed: 10991924574467711550

16002 GreatBamboolord the Covert (level 12, -2/66 HPs)
             Began as an Octopode Enchanter on Jan 27, 2024.
             Was the Champion of Cheibriados.
             Slain by a manticore (3 damage)
             ... on level 10 of the Dungeon.
             The game lasted 00:29:46 (10777 turns).

GreatBamboolord the Covert (Octopode Enchanter)    Turns: 10777, Time: 00:29:46

Health: -2/66      AC:  5    Str: 23    XL:     12   Next: 32%
Magic:  1/21       EV: 20    Int: 43    God:    Cheibriados [******]
Gold:   1531       SH:  0    Dex: 27    Spells: 9/24 levels left

rFire   . . .        x - +8 dagger "Lasaad" {drain, rC++}
rCold   + + +        (no shield)
rNeg    . . .        (helmet restricted)
rPois   .            c - amulet of regeneration
rElec   .            o - ring of protection from cold
rCorr   .            k - +4 ring of protection
SInv    .            n - +6 ring of intelligence
Will    .....        (no ring)
Stlth   +++++++      (no ring)
HPRegen 1.11/turn    (no ring)
MPRegen 0.17/turn    (no ring)
                     (no ring)

%: no passive effects
@: spiked, very slow
A: almost no armour, amphibious, 8 rings, camouflage 1, gelatinous body 1,
(nimble swimmer 1), tentacles
a: Renounce Religion, Bend Time, Temporal Distortion, Slouch, Step From Time


You were on level 10 of the Dungeon.
You worshipped Cheibriados.
Cheibriados was exalted by your worship.
You visited 2 branches of the dungeon, and saw 11 of its levels.
You also visited: Bailey.

You collected 1767 gold pieces.
You spent 236 gold pieces at shops.

Inventory:

Hand Weapons
 x - the +8 dagger "Lasaad" (weapon) {drain, rC++}
   (You bought it in a shop on level 8 of the Dungeon)

   rC++:      It greatly protects you from cold.
Missiles
 w - 9 atropa-tipped darts
Jewellery
 c - an amulet of regeneration (around mantle)
 d - an amulet of reflection
 k - a +4 ring of protection (right tentacle)
 n - a +6 ring of intelligence (on tentacle)
 o - a ring of protection from cold (left tentacle)
 v - an amulet of guardian spirit
Wands
 m - a wand of charming (4)
 B - a wand of digging (5)
 C - a wand of acid (6)
 D - a wand of mindburst (7)
Scrolls
 a - a scroll of revelation
 f - 4 scrolls of enchant armour
 g - 2 scrolls of fear
 i - a scroll of teleportation
 j - 3 scrolls of amnesia
 p - 2 scrolls of immolation
 q - a scroll of fog {unknown}
 y - a scroll of blinking
Potions
 b - 2 potions of invisibility
 e - a potion of curing
 h - a potion of enlightenment
 r - 3 potions of mutation
 s - 2 potions of lignification
 t - a potion of berserk rage
 u - a potion of might {unknown}
 A - a potion of resistance {unknown}
Miscellaneous
 l - a phantom mirror


   Skills:
 + Level 7.0 Short Blades
 + Level 7.2 Dodging
 * Level 13.8 Stealth
 + Level 6.5 Spellcasting
 - Level 3.2 Conjurations
 * Level 9.3 Hexes
 * Level 5.4 Translocations
 - Level 4.0 Ice Magic
 + Level 5.5 Invocations


You had 9 spell levels left.
You knew the following spells:

 Your Spells              Type           Power      Damage    Failure   Level
a - Ensorcelled Hibernat  Hex/Ice        100%       N/A       1%          2
b - Confusing Touch       Hex            76%        N/A       1%          3
c - Tukima's Dance        Hex            76%        N/A       1%          3
d - Dazzling Flash        Conj/Hex       100%       N/A       1%          3
e - Passage of Golubria   Tloc           57%        N/A       2%          4

Your spell library contained the following spells:

 Spells                   Type           Power      Damage    Failure   Level
 Cigotuvi's Dreadful Rot  Necr/Alch/Air  28%        N/A       3%          2
 Silence                  Hex/Air        26%        N/A       9%          5
 Brom's Barrelling Bould  Conj/Erth      28%        2d5       11%         4
 Iskenderun's Battlesphe  Conj           42%        2d9       14%         5
 Ignite Poison            Fire/Alch      14%        N/A       21%         4
 Freezing Cloud           Conj/Ice/Air   17%        6-21      22%         5
 Fireball                 Conj/Fire      14%        3d8       28%         5
 Conjure Ball Lightning   Conj/Air       14%        3x3d6     85%         6
 Orb of Destruction       Conj           21%        9d8       99%         7
 Lehudib's Crystal Spear  Conj/Erth      14%        10d5      100%        8


Dungeon Overview and Level Annotations

Branches:
Dungeon (10/15)            Temple (1/1) D:5            Lair (0/5) D:9
    Orc (0/2) D:9          Bailey (visited)

Altars:
Ashenzari
Cheibriados
Dithmenos
Elyvilon
Fedhas
Gozag
Hepliaklqana
Kikubaaqudgha
Makhleb
Nemelex Xobeh
Okawaru
Qazlal
Ru
Sif Muna
Trog
Uskayaw
Vehumet
Wu Jian
Xom
Yredelemnul
Zin
The Shining One

Shops:
D:1 =   D:8 *[(?

Portals:
Abyss: D:8

Annotations:
D:7 1 runed translucent door, Henri's ghost, novice OpSh
D:8 2 transporters, dertzug's ghost, novice FoFi
D:10 2 transporters, 1 runed translucent door, petercordia's ghost, novice OnWr


Innate Abilities, Weirdness & Mutations

You cannot wear most types of armour.
You are amphibious.
You can wear up to eight rings at the same time.
Your skin changes colour to match your surroundings (Stealth+).
Your rubbery body absorbs attacks. (AC +1, EV +1)
((You are camouflaged when in or above water. (Stealth+)))
You have tentacles for arms and can constrict up to eight enemies at once.


Message History

The manticore flicks its tail.
The volley of spikes skewers the efreet but does no damage.
The efreet hits you with a +1 scimitar of flaming!
The efreet burns you.
Unknown command.
You hit the efreet but do no damage. Your squeeze misses the efreet.
The efreet is heavily wounded.
You barely miss the efreet.
The efreet is heavily wounded.
The efreet gestures at you. The bolt of fire misses you.
The tree burns like a torch!
The manticore flicks its tail.
The volley of spikes skewers the efreet!
You hit the efreet. You squeeze the efreet.
You kill the efreet!
Cheibriados appreciates the change of pace.
The manticore flicks its tail.
The volley of spikes skewers you!
The barbed spikes become lodged in your body.
* * * LOW HITPOINT WARNING * * *
Okay, then.
The barbed spikes dig painfully into your body as you move.
* * * LOW HITPOINT WARNING * * *
The manticore is no longer blind.
The manticore closely misses you. The manticore claws you.
* * * LOW HITPOINT WARNING * * *
The manticore claws you.
* * * LOW HITPOINT WARNING * * *
The manticore misses you. The manticore claws you!
* * * LOW HITPOINT WARNING * * *
The manticore claws you but does no damage.
Items here: $ ))))) [ ††.
You feel much better. The manticore completely misses you.
The manticore claws you!
* * * LOW HITPOINT WARNING * * *
The manticore completely misses you.
The forest fire spreads!
You feel better. The manticore bites you!!
* * * LOW HITPOINT WARNING * * *
The manticore misses you. The manticore claws you.
You die...

#..# ♣....♣.♣....♣♣♣.♣ #..#
.. ♣....♣.♣.♣....♣♣.♣♣ #..#
.. ......♣♣♣♣♣.......♣. #..#
.. ♣♣... ♣....♣♣.♣. #..# ♣.
♣♣.. ♣....♣♣♣..[ #..# #.
##### ###### ###. #..# ♣. #♣
..# ♣♣. #..#♣♣.♣♣#§♣♣$#
#.♣♣♣#♣.♣ #..#..§..§§§@H#
#......♣♣ #..#♣♣.§♣#♣♣♣.#
#.♣♣♣#♣.♣ #..# ♣.♣ ..# ♣♣.
#..###.### ######## ###.
#..#.♣.♣.♣♣♣♣♣♣.....♣♣♣♣♣#...
#..#♣.♣.♣♣♣.♣♣.#####.♣♣.♣#.♣♣
#..#.♣.♣...♣.♣.#...#.♣.♣...♣
#..#♣.♣.♣♣♣♣♣..##'##..♣♣♣♣.♣♣
#..#.♣.♣.♣ ♣♣♣.....♣♣♣ ♣...


You could see a manticore.

Vanquished Creatures
  2 hydras (D:10)
  2 centaur warriors
  2 two-headed ogres (D:10)
  An elephant (D:9)
  An unseen horror (D:10)
  An efreet (D:10)
  3 trolls
  A hornet (D:8)
  Sigmund (D:2)
  A vampire (D:10)
  5 wyverns
  2 wraiths
  11 yaks
  2 basilisks (D:9)
  2 steam dragons
  A water moccasin (D:8)
  Duvessa (D:4)
  18 orc warriors
  2 sky beasts (D:6)
  4 ice beasts
  A black bear (D:5)
  7 ogres
  6 centaurs
  10 kobold brigands
  7 bullfrogs
  3 gnoll sergeants (D:8)
  7 scorpions
  8 wights
  Dowan (D:4)
  10 killer bees
  13 howler monkeys
  8 orc priests
  2 hounds
  2 jellies
  10 orc wizards
  A sleepcap (D:8)
  An iguana (D:6)
  A statue (D:6)
  7 adders
  2 ribbon worms
  12 dart slugs
  82 orcs
  9 bats
  6 endoplasms
  2 giant cockroaches (D:1)
  6 hobgoblins
  2 jackals (D:1)
  17 kobolds
  4 quokkas
  6 ball pythons
  A frilled lizard (D:1)
  11 goblins
  8 rats
336 creatures vanquished.

Vanquished Creatures (collateral kills)
  A wight (D:9)
1 creature vanquished.

Vanquished Creatures (others)
  A yak (D:10)
  An orc wizard (D:10)
2 creatures vanquished.

Grand Total: 339 creatures vanquished

Notes
Turn   | Place    | Note
-------+----------+-------------------------------------------
     0 | D:1      | GreatBamboolord the Octopode Enchanter began the quest for
                  | the Orb.
     0 | D:1      | Reached XP level 1. HP: 11/11 MP: 3/3
    64 | D:1      | Reached XP level 2. HP: 17/17 MP: 5/5
   215 | D:1      | Found Edwicihui's Jewellery Boutique.
   224 | D:1      | Learned a level 2 spell: Ensorcelled Hibernation
   287 | D:1      | Reached XP level 3. HP: 20/21 MP: 6/6
   669 | D:2      | Reached skill level 1 in Ice Magic
   755 | D:2      | Reached XP level 4. HP: 27/27 MP: 7/7
  1054 | D:2      | Noticed Sigmund
  1062 | D:2      | Killed Sigmund
  1063 | D:2      | Reached skill level 5 in Stealth
  1063 | D:2      | Reached XP level 5. HP: 31/31 MP: 7/9
  1063 | D:2      | Reached XP level 6. HP: 36/36 MP: 7/10
  1581 | D:3      | Learned a level 3 spell: Confusing Touch
  1995 | D:3      | Found a broken altar of Ashenzari.
  2125 | D:3      | Found a faded altar of an unknown god.
  2449 | D:3      | Found a bloodstained altar of Trog.
  2962 | D:4      | Reached XP level 7. HP: 41/41 MP: 11/11
  2973 | D:4      | Reached skill level 6 in Stealth
  3115 | D:4      | Learned a level 3 spell: Tukima's Dance
  3190 | D:4      | Noticed Dowan
  3193 | D:4      | Noticed Duvessa
  3197 | D:4      | Killed Dowan
  3391 | D:4      | Killed Duvessa
  3933 | D:5      | Entered Level 5 of the Dungeon
  3997 | D:5      | Reached skill level 7 in Stealth
  3997 | D:5      | Reached XP level 8. HP: 46/46 MP: 13/13
  4050 | D:5      | Found a staircase to the Ecumenical Temple.
  4090 | Temple   | Entered the Ecumenical Temple
  4197 | D:5      | Found a white marble altar of Elyvilon.
  4568 | D:5      | Found a glowing silver altar of Zin.
  4619 | D:6      | Reached skill level 8 in Stealth
  4628 | D:6      | Found a radiant altar of Vehumet.
  4856 | D:6      | Reached skill level 5 in Hexes
  4924 | D:6      | Found a snail-covered altar of Cheibriados.
  4947 | D:6      | Became a worshipper of Cheibriados the Contemplative
  5006 | D:6      | Found a stormy altar of Qazlal.
  5048 | D:6      | Reached skill level 9 in Stealth
  5048 | D:6      | Reached XP level 9. HP: 48/51 MP: 3/15
  5052 | D:6      | Learned a level 3 spell: Dazzling Flash
  5171 | D:6      | Found a shadowy altar of Dithmenos.
  5580 | D:7      | Reached * piety under Cheibriados
  5581 | D:7      | Reached skill level 1 in Conjurations
  5583 | D:7      | Reached skill level 5 in Dodging
  5756 | D:7      | Reached skill level 1 in Invocations
  5764 | D:7      | Found a sparkling altar of Nemelex Xobeh.
  5803 | D:7      | Reached skill level 10 in Stealth
  5899 | D:7      | Noticed Henri's ghost (novice OpSh)
  5902 | D:7      | Found a runed translucent door.
  6118 | D:8      | Found Orrycvirch's Magic Scroll Boutique.
  6118 | D:8      | Found Omiqygo's Antique Weapon Boutique.
  6118 | D:8      | Found Sacob's Antique Armour Boutique.
  6121 | D:8      | Bought a scroll of fear for 40 gold pieces
  6160 | D:8      | Noticed a hornet
  6190 | D:8      | Found a flagged portal.
  6201 | Bailey   | Entered a bailey
  6227 | Bailey   | Reached skill level 5 in Short Blades
  6303 | Bailey   | Reached ** piety under Cheibriados
  6444 | Bailey   | Found a bloodstained altar of Trog.
  6457 | Bailey   | Reached XP level 10. HP: 43/56 MP: 14/17
  6459 | Bailey   | Reached skill level 5 in Spellcasting
  6650 | D:8      | Reached skill level 11 in Stealth
  6696 | D:8      | Noticed a toenail golem
  6698 | D:8      | Noticed a large abomination
  6702 | D:8      | Found a transporter.
  6718 | D:8      | Bought a jewelled dagger for 196 gold pieces
  6718 | D:8      | Identified the +8 dagger "Lasaad" {drain, rC++} (You bought
                  | it in a shop on level 8 of the Dungeon)
  7050 | D:8      | Noticed a centaur warrior
  7066 | D:8      | Killed a centaur warrior
  7210 | D:8      | Found Seeng's Lightly-Used Armoury.
  7257 | D:8      | Reached *** piety under Cheibriados
  7300 | D:8      | Learned a level 4 spell: Passage of Golubria
  7524 | D:8      | Reached skill level 1 in Translocations
  7684 | D:8      | Found a one-way gate to the infinite horrors of the Abyss.
  7684 | D:8      | Noticed dertzug's ghost (novice FoFi)
  7693 | D:8      | Found a transporter.
  8379 | D:8      | Reached skill level 12 in Stealth
  8411 | D:9      | Noticed an elephant
  8415 | D:9      | Killed an elephant
  8416 | D:9      | Reached XP level 11. HP: 61/61 MP: 14/19
  8673 | D:9      | Reached **** piety under Cheibriados
  8696 | D:9      | Found a staircase to the Lair.
  8951 | D:9      | Reached ***** piety under Cheibriados
  9247 | D:9      | Found a staircase to the Orcish Mines.
  9790 | D:10     | Entered Level 10 of the Dungeon
  9870 | D:10     | Noticed a seven-headed hydra
  9877 | D:10     | Killed a seven-headed hydra
  9878 | D:10     | Reached skill level 13 in Stealth
  9906 | D:10     | Found a transporter.
  9906 | D:10     | Noticed petercordia's ghost (novice OnWr)
  9914 | D:10     | Found a transporter.
  9999 | D:10     | Noticed a seven-headed hydra
 10003 | D:10     | Killed a seven-headed hydra
 10004 | D:10     | Reached skill level 5 in Invocations
 10015 | D:10     | Noticed a two-headed ogre
 10019 | D:10     | Killed a two-headed ogre
 10072 | D:10     | Reached XP level 12. HP: 66/66 MP: 16/21
 10192 | D:10     | Reached skill level 5 in Translocations
 10287 | D:10     | Reached ****** piety under Cheibriados
 10444 | D:10     | Found a hazy altar of Hepliaklqana.
 10558 | D:10     | Found a shimmering altar of Xom.
 10620 | D:10     | Found a runed translucent door.
 10745 | D:10     | Noticed a two-headed ogre
 10755 | D:10     | Noticed a centaur warrior
 10757 | D:10     | Killed a two-headed ogre
 10764 | D:10     | Killed a centaur warrior
 10775 | D:10     | HP: 1/66 [manticore (8)]
 10777 | D:10     | Slain by a manticore

Illustrated notes

Levels and vault maps discovered:
D:1:      dpeg_arrival_pits, layout_rooms, serial_shops, shop, glass_columns_c,
          chequers_serial_rivers_room_a, minmay_3d_cube
D:2:      layout_basic, uniq_sigmund
D:3:      layout_basic, lemuel_round_altar, trog_book, basic_ecumenical_altar
D:4:      kennysheep_slugbush, layout_basic, serial_corexii_hall,
          corexii_hall_statues_x, corexii_hall_statues_i,
          corexii_hall_statues_t, corexii_hall_statues_i,
          chequers_hall_statues_corner_a, corexii_hall_statues_t,
          hangedman_abyss_or_decor_lesser_grid, hangedman_decor_clover_reticule,
          uniq_duvessa
D:5:      layout_rooms, mainiacjoe_overflow_alcove_2,
          mainiacjoe_overflow_catwalk, minmay_temple_entry_mini_moons
D:6:      layout_cave_pools, vehumet_statue, nicolae_qazlal_general_emergency,
          cheibrodos_worm_habitat, grunt_dithmenos_smoke_and_mirrors
D:7:      lemuel_ice_spiral_2, layout_rooms, nemelex_spade_bored_becter,
          hellmonk_ghost_happy_afterlife
D:8:      kennysheep_blocky_room, layout_layer_cave, enter_bailey_1,
          gammafunk_ghost_abyssal_escape, minmay_shop_damaged,
          nicolae_shop_distant_corner_stores, st_stairs_5
D:9:      layout_roguey [special_room_orc], david_lair_generic,
          hiddenorc1_lemuel, special_room [special_room_orc], st_stairs_12
D:10:     nzn_winding_woodlands_medium [nzn_winding_woodlands_5x5_open_star,
          nzn_winding_woodlands_5x15_parted, nzn_winding_woodlands_5x5_three,
          nzn_winding_woodlands_5x5_cross,
          nzn_winding_woodlands_center_pierced_h,
          nzn_winding_woodlands_5x5_closed_star,
          nzn_winding_woodlands_5x5_checkerboard,
          nzn_winding_woodlands_5x15_cabin,
          nzn_winding_woodlands_5x5_perimeter], layout_basic, marbit_many_paths,
          kennysheep_mini, gammafunk_ghost_berserking_beasts,
          minmay_misc_feat_diagonals, minivault_13
Temple:   grunt_temple_mini_profane

Skill      XL: |  1  2  3  4  5  6  7  8  9 10 11 12 |
---------------+-------------------------------------+-----
Ice Magic      | 1 2 3 4 |  4.0
Short Blades   | 2 3 4 5 6 7 |  7.0
Dodging        | 3 4 5 6 7 |  7.2
Stealth        | 5 7 9 10 12 13 | 13.8
Spellcasting   | 3 4 5 6 |  6.5
Hexes          | 4 5 6 7 8 9 |  9.3
Conjurations   | 2 3 |  3.2
Invocations    | 2 3 5 |  5.5
Translocations | 2 4 5 |  5.4

Action                     |  1- 3 |  4- 6 |  7- 9 | 10-12 || total
---------------------------+-------+-------+-------+-------++-------
  Melee: Dagger            |    70 |    68 |   168 |   294 ||   600
         Constrict         |    16 |     9 |    12 |    39 ||    76
         Tentacles         |    10 |    10 |    30 |    53 ||   103
         Punch             |     1 |     1 |     2 |     3 ||     7
   Cast: Ensorcelled Hiber |     2 |    38 |    80 |   119 ||   239
         Tukima's Dance    |       |       |     2 |     3 ||     5
         Confusing Touch   |       |       |     2 |    13 ||    15
         Dazzling Flash    |       |       |       |     6 ||     6
  Evoke: Wand              |       |       |       |     1 ||     1
    Use: Scroll            |       |     7 |    11 |     6 ||    24
         Potion            |       |       |       |     3 ||     3
   Stab: Sleeping          |    13 |    39 |    64 |    93 ||   209
         Distracted        |     1 |       |       |     4 ||     5
         Confused          |       |       |     2 |     6 ||     8
         Invisible         |       |       |       |     4 ||     4
 Armour: Skin              |    18 |    33 |   107 |   236 ||   394
  Dodge: Dodged            |    39 |    41 |   130 |   273 ||   483
